[ AOE2 MATCH · #476793383 ]
Team RMHindustanis vs Bulgarians
[ REPLAY ANALYSIS · EXTRACTED FROM THE RECORDED GAME ]
Feudal
12:22
Castle
22:57
Imperial
51:21
| APM avg | 26.8 |
| APM peak | 60 |
| eAPM avg | 14.7 |
| Villagers / military | 132 / 117 |
Focus
⚔️ 28.9% · 🌾 71.1%
Spearman ×61 · Galley ×15 · Trade Cart ×15 · Unknown (2626) ×12 · Scout Cavalry ×9 · Fishing Ship ×8
Feudal
10:27
Castle
22:40
Imperial
43:28
| APM avg | 24.6 |
| APM peak | 56 |
| eAPM avg | 19.4 |
| Villagers / military | 147 / 327 |
Focus
⚔️ 43.2% · 🌾 56.8%
Konnik ×159 · Militia ×78 · Fire Galley ×62 · Unknown (2626) ×17 · Cannon Galleon ×13 · Fishing Ship ×8
Feudal
—
Castle
—
Imperial
—
| APM avg | 15.9 |
| APM peak | 83 |
| eAPM avg | 8.4 |
| Villagers / military | 70 / 45 |
Focus
⚔️ 14.8% · 🌾 85.2%
Janissary ×32 · Scout Cavalry ×13
Feudal
12:14
Castle
19:23
Imperial
39:43
| APM avg | 27.9 |
| APM peak | 72 |
| eAPM avg | 18.2 |
| Villagers / military | 140 / 373 |
Focus
⚔️ 39.6% · 🌾 60.4%
Shotel Warrior ×292 · Spearman ×48 · Trade Cart ×29 · Fishing Ship ×14 · Unknown (2626) ×14 · Galley ×9
Match map
Initial resources + every placement click. Lines = walls · curves = elevation contours. ◆ gold · ⬟ stone · ● berries · ✦ relic · ◌ wall gap
Your base· Open — 4t gap
b7ackwar's base· Open — 3t gap
kraldakyanous's base· Open — 5t gap
gdanelutti87's base· Open — 4t gap
Smoothed initial terrain · ◌ = detected wall gap · hover for details
Inputs per minute
— Nerdyx - - b7ackwar
Build order — Nerdyx
First 150 of 616 actions detected
| 1:16 | Build | Town Center |
| 1:29 | Build | House |
| 2:59 | Create | Villager (Male) |
| 2:59 | Create | Villager (Male) |
| 3:02 | Build | House |
| 3:14 | Research | Loom |
| 3:14 | Create | Villager (Male) |
| 3:35 | Build | House |
| 3:43 | Create | Villager (Male) |
| 3:59 | Create | Villager (Male) |
| 4:12 | Build | Dock |
| 4:36 | Create | Villager (Male) |
| 4:53 | Create | Villager (Male) |
| 5:15 | Create | Villager (Male) |
| 5:27 | Build | House |
| 5:28 | Build | House |
| 5:34 | Create | Fishing Ship |
| 5:48 | Create | Villager (Male) |
| 5:52 | Create | Villager (Male) |
| 6:00 | Create | Fishing Ship |
| 6:21 | Create | Fishing Ship |
| 6:24 | Build | House |
| 6:25 | Build | House |
| 6:28 | Create | Villager (Male) |
| 7:00 | Create | Fishing Ship |
| 7:13 | Create | Villager (Male) |
| 7:21 | Build | House |
| 7:22 | Build | House |
| 7:23 | Build | House |
| 7:52 | Create | Villager (Male) |
| 7:57 | Create | Fishing Ship |
| 8:13 | Build | Palisade Wall |
| 8:13 | Build | Palisade Wall |
| 8:14 | Build | Palisade Wall |
| 8:32 | Create | Villager (Male) |
| 8:34 | Create | Fishing Ship |
| 8:40 | Build | Palisade Wall |
| 8:42 | Build | Palisade Wall |
| 8:43 | Build | Palisade Wall |
| 8:45 | Create | Villager (Male) |
| 8:57 | Build | Barracks |
| 9:00 | Create | Villager (Male) |
| 9:06 | Create | Fishing Ship |
| 9:19 | Create | Villager (Male) |
| 9:26 | Build | Dock |
| 9:35 | Build | Mill |
| 9:42 | Create | Villager (Male) |
| 9:54 | Create | Fishing Ship |
| 9:59 | Build | House |
| 10:12 | Research | Feudal Age |
| 10:17 | Build | Mining Camp |
| 10:29 | Build | Palisade Gate |
| 10:39 | Build | House |
| 10:44 | Create | Villager (Male) |
| 10:47 | Build | Lumber Camp |
| 11:14 | Build | House |
| 11:15 | Build | House |
| 11:19 | Create | Villager (Male) |
| 11:55 | Build | House |
| 11:59 | Build | Palisade Wall |
| 12:05 | Build | Palisade Wall |
| 12:22 | Age | Feudal Age |
| 12:32 | Build | Stable |
| 12:40 | Research | Double-Bit Axe |
| 12:40 | Research | Double-Bit Axe |
| 13:02 | Create | Unit 2626 |
| 13:07 | Create | Villager (Male) |
| 13:35 | Create | Villager (Male) |
| 13:37 | Build | Archery Range |
| 13:48 | Build | Farm |
| 13:56 | Create | Scout Cavalry |
| 13:57 | Create | Scout Cavalry |
| 14:02 | Build | Blacksmith |
| 14:07 | Create | Villager (Male) |
| 14:10 | Create | Villager (Male) |
| 14:14 | Build | Farm |
| 14:17 | Build | Farm |
| 14:41 | Build | Market |
| 14:44 | Create | Villager (Male) |
| 14:57 | Build | Farm |
| 15:00 | Build | Farm |
| 15:03 | Build | Farm |
| 15:05 | Create | Villager (Male) |
| 15:27 | Create | Scout Cavalry |
| 15:30 | Create | Villager (Male) |
| 15:37 | Build | Farm |
| 15:41 | Create | Archer |
| 15:42 | Create | Archer |
| 15:56 | Build | House |
| 16:10 | Create | Scout Cavalry |
| 16:36 | Build | House |
| 16:58 | Create | Archer |
| 17:27 | Build | Farm |
| 17:29 | Build | Farm |
| 17:31 | Create | Archer |
| 17:35 | Build | House |
| 17:38 | Create | Unit 2626 |
| 18:14 | Create | Scout Cavalry |
| 18:33 | Build | Watch Tower |
| 18:39 | Create | Villager (Male) |
| 18:40 | Create | Villager (Male) |
| 18:58 | Build | Mining Camp |
| 19:01 | Research | Stone Mining |
| 19:36 | Create | Villager (Male) |
| 19:44 | Build | Watch Tower |
| 19:47 | Create | Skirmisher |
| 19:47 | Create | Skirmisher |
| 20:08 | Create | Scout Cavalry |
| 20:09 | Create | Scout Cavalry |
| 20:17 | Research | Castle Age |
| 20:23 | Create | Skirmisher |
| 20:33 | Build | Mining Camp |
| 20:44 | Create | Skirmisher |
| 20:59 | Create | Scout Cavalry |
| 21:34 | Create | Scout Cavalry |
| 21:37 | Research | Forging |
| 22:16 | Create | Skirmisher |
| 22:19 | Build | Mining Camp |
| 22:27 | Research | Gold Mining |
| 22:44 | Build | Stone Wall |
| 22:57 | Age | Castle Age |
| 23:00 | Build | Watch Tower |
| 23:07 | Research | Fletching |
| 23:09 | Create | Villager (Male) |
| 23:09 | Create | Villager (Male) |
| 23:15 | Build | Stone Wall |
| 23:36 | Create | Villager (Male) |
| 23:51 | Build | Town Center |
| 24:04 | Create | Villager (Male) |
| 24:18 | Create | Transport Ship |
| 24:25 | Create | Villager (Male) |
| 24:38 | Build | House |
| 24:52 | Create | Villager (Male) |
| 24:55 | Build | Farm |
| 24:56 | Build | Farm |
| 24:57 | Build | Farm |
| 24:58 | Build | Farm |
| 25:00 | Build | Farm |
| 25:03 | Build | Farm |
| 25:05 | Build | Farm |
| 25:05 | Build | Farm |
| 25:12 | Build | House |
| 25:19 | Create | Villager (Male) |
| 25:38 | Create | Villager (Male) |
| 25:49 | Create | Villager (Male) |
| 25:58 | Build | Barracks |
| 26:07 | Build | Farm |
| 26:11 | Create | Villager (Male) |
| 26:50 | Research | Wheelbarrow |
| 27:22 | Create | Villager (Male) |
Build order — b7ackwar
First 150 of 691 actions detected
| 0:25 | Build | House |
| 0:27 | Build | House |
| 0:38 | Build | Town Center |
| 2:02 | Create | Villager (Male) |
| 2:03 | Create | Villager (Male) |
| 2:03 | Create | Villager (Male) |
| 2:04 | Create | Villager (Male) |
| 2:53 | Create | Villager (Male) |
| 3:27 | Create | Villager (Male) |
| 3:43 | Create | Villager (Male) |
| 3:50 | Build | House |
| 3:53 | Build | House |
| 3:56 | Create | Villager (Male) |
| 4:48 | Create | Villager (Male) |
| 5:13 | Build | Dock |
| 5:34 | Create | Villager (Male) |
| 6:14 | Create | Fishing Ship |
| 6:22 | Create | Villager (Male) |
| 6:25 | Create | Fishing Ship |
| 6:46 | Create | Villager (Male) |
| 6:48 | Create | Villager (Male) |
| 7:13 | Build | Mining Camp |
| 7:41 | Create | Fishing Ship |
| 7:47 | Build | House |
| 8:04 | Build | House |
| 8:05 | Build | House |
| 8:07 | Create | Villager (Male) |
| 8:10 | Research | Feudal Age |
| 8:17 | Research | Feudal Age |
| 8:17 | Research | Loom |
| 8:38 | Build | Mill |
| 8:53 | Build | Mining Camp |
| 9:09 | Create | Fishing Ship |
| 9:55 | Build | Barracks |
| 10:07 | Create | Villager (Male) |
| 10:27 | Age | Feudal Age |
| 10:29 | Create | Fishing Ship |
| 10:42 | Create | Villager (Male) |
| 10:49 | Build | Watch Tower |
| 11:07 | Build | Lumber Camp |
| 11:13 | Create | Villager (Male) |
| 11:27 | Create | Villager (Male) |
| 11:43 | Create | Militia |
| 11:46 | Create | Militia |
| 12:01 | Create | Fishing Ship |
| 12:03 | Create | Fishing Ship |
| 12:30 | Build | Blacksmith |
| 12:32 | Create | Villager (Male) |
| 13:34 | Build | Mill |
| 13:42 | Research | Forging |
| 13:44 | Create | Villager (Male) |
| 13:48 | Create | Fishing Ship |
| 14:02 | Create | Villager (Male) |
| 14:08 | Build | Market |
| 14:29 | Build | House |
| 14:31 | Build | House |
| 14:36 | Build | House |
| 15:02 | Create | Militia |
| 15:03 | Create | Militia |
| 15:04 | Create | Militia |
| 15:16 | Build | Gate |
| 15:19 | Create | Villager (Male) |
| 15:21 | Build | Farm |
| 15:22 | Build | Farm |
| 15:22 | Build | Farm |
| 15:23 | Build | Farm |
| 15:23 | Build | Farm |
| 15:30 | Create | Unit 2626 |
| 15:46 | Build | Watch Tower |
| 15:52 | Create | Militia |
| 16:08 | Create | Villager (Male) |
| 17:01 | Build | Mining Camp |
| 17:29 | Create | Villager (Male) |
| 17:35 | Build | Farm |
| 17:35 | Build | Farm |
| 17:39 | Build | Farm |
| 17:39 | Build | Farm |
| 18:23 | Create | Villager (Male) |
| 18:27 | Build | Mining Camp |
| 18:35 | Create | Villager (Male) |
| 18:45 | Create | Militia |
| 19:04 | Research | Fletching |
| 19:28 | Create | Militia |
| 19:29 | Create | Militia |
| 20:00 | Research | Castle Age |
| 20:11 | Build | Watch Tower |
| 21:10 | Build | Lumber Camp |
| 21:22 | Research | Scale Barding Armor |
| 21:31 | Create | Militia |
| 21:32 | Create | Militia |
| 22:27 | Build | Stable |
| 22:30 | Create | Villager (Male) |
| 22:32 | Create | Villager (Male) |
| 22:40 | Age | Castle Age |
| 22:44 | Build | Castle |
| 23:10 | Create | Militia |
| 23:12 | Create | Militia |
| 23:13 | Create | Militia |
| 23:37 | Create | Villager (Male) |
| 23:38 | Create | Villager (Male) |
| 24:05 | Create | Villager (Male) |
| 24:13 | Create | Konnik |
| 24:15 | Create | Konnik |
| 24:25 | Create | Villager (Male) |
| 24:31 | Build | Town Center |
| 24:44 | Create | Villager (Male) |
| 25:03 | Create | Transport Ship |
| 25:05 | Create | Villager (Male) |
| 25:14 | Create | Konnik |
| 25:30 | Research | Scale Mail Armor |
| 25:42 | Create | Villager (Male) |
| 25:44 | Research | Double-Bit Axe |
| 25:46 | Research | Horse Collar |
| 26:03 | Build | Krepost |
| 26:26 | Create | Konnik |
| 26:40 | Create | Galley |
| 26:42 | Create | Unit 2626 |
| 27:03 | Create | Konnik |
| 27:13 | Create | Villager (Male) |
| 27:15 | Create | Villager (Male) |
| 27:17 | Create | Villager (Male) |
| 27:19 | Create | Villager (Male) |
| 27:33 | Build | Farm |
| 27:44 | Create | Villager (Male) |
| 27:49 | Create | Konnik |
| 27:57 | Build | Town Center |
| 28:08 | Create | Villager (Male) |
| 28:08 | Create | Villager (Male) |
| 28:09 | Create | Villager (Male) |
| 28:09 | Create | Villager (Male) |
| 28:23 | Build | Farm |
| 28:23 | Build | Farm |
| 28:24 | Build | Farm |
| 28:31 | Create | Villager (Male) |
| 28:45 | Create | Villager (Male) |
| 28:53 | Create | Konnik |
| 28:54 | Create | Konnik |
| 29:13 | Create | Villager (Male) |
| 29:14 | Create | Villager (Male) |
| 29:23 | Create | Villager (Male) |
| 29:24 | Create | Villager (Male) |
| 29:37 | Build | Farm |
| 29:37 | Build | Farm |
| 29:37 | Build | Farm |
| 29:38 | Build | Farm |
| 29:38 | Build | Farm |
| 29:39 | Build | Farm |
| 29:43 | Create | Konnik |
| 29:55 | Create | Villager (Male) |
| 29:56 | Create | Villager (Male) |
Build order — kraldakyanous
First 150 of 252 actions detected
| 0:51 | Build | Town Center |
| 1:18 | Build | House |
| 1:20 | Build | House |
| 1:22 | Build | House |
| 2:14 | Create | Villager (Male) |
| 2:15 | Create | Villager (Male) |
| 2:15 | Create | Villager (Male) |
| 2:15 | Create | Villager (Male) |
| 2:15 | Create | Villager (Male) |
| 2:37 | Build | Lumber Camp |
| 2:49 | Build | House |
| 2:50 | Build | House |
| 3:07 | Create | Villager (Male) |
| 3:08 | Create | Villager (Male) |
| 3:46 | Create | Villager (Male) |
| 3:46 | Create | Villager (Male) |
| 3:46 | Create | Villager (Male) |
| 4:27 | Create | Villager (Male) |
| 4:27 | Create | Villager (Male) |
| 4:53 | Create | Villager (Male) |
| 4:53 | Create | Villager (Male) |
| 5:25 | Create | Villager (Male) |
| 5:26 | Create | Villager (Male) |
| 6:24 | Create | Villager (Male) |
| 6:24 | Create | Villager (Male) |
| 6:25 | Create | Villager (Male) |
| 6:25 | Create | Villager (Male) |
| 6:26 | Create | Villager (Male) |
| 6:26 | Create | Villager (Male) |
| 6:39 | Build | House |
| 6:41 | Build | House |
| 6:43 | Build | House |
| 8:12 | Build | House |
| 8:31 | Create | Villager (Male) |
| 8:38 | Build | Mining Camp |
| 8:41 | Create | Villager (Male) |
| 9:13 | Create | Villager (Male) |
| 9:17 | Research | Feudal Age |
| 9:40 | Build | Mill |
| 10:44 | Build | Barracks |
| 11:29 | Build | Mining Camp |
| 11:49 | Create | Villager (Male) |
| 12:00 | Build | Blacksmith |
| 12:09 | Create | Villager (Male) |
| 12:11 | Research | Double-Bit Axe |
| 12:25 | Create | Villager (Male) |
| 12:42 | Build | Stable |
| 13:01 | Create | Villager (Male) |
| 13:16 | Build | Farm |
| 13:16 | Build | Farm |
| 13:16 | Build | Farm |
| 13:17 | Build | Farm |
| 13:17 | Build | Farm |
| 13:17 | Build | Farm |
| 13:17 | Build | Farm |
| 13:18 | Build | Farm |
| 13:19 | Create | Villager (Male) |
| 13:21 | Create | Villager (Male) |
| 14:06 | Build | Lumber Camp |
| 14:08 | Create | Villager (Male) |
| 14:22 | Create | Scout Cavalry |
| 14:22 | Create | Scout Cavalry |
| 14:36 | Build | Stable |
| 14:51 | Create | Villager (Male) |
| 15:03 | Research | Scale Barding Armor |
| 15:06 | Research | Bloodlines |
| 15:12 | Create | Villager (Male) |
| 15:21 | Build | Stable |
| 15:24 | Create | Villager (Male) |
| 15:41 | Create | Scout Cavalry |
| 15:41 | Create | Scout Cavalry |
| 15:41 | Create | Scout Cavalry |
| 15:42 | Create | Scout Cavalry |
| 15:42 | Create | Scout Cavalry |
| 15:50 | Create | Villager (Male) |
| 16:18 | Build | Mill |
| 16:21 | Create | Villager (Male) |
| 16:26 | Build | House |
| 16:26 | Build | House |
| 16:27 | Build | House |
| 16:27 | Build | House |
| 16:27 | Build | House |
| 16:27 | Build | House |
| 16:27 | Build | House |
| 16:28 | Build | House |
| 16:28 | Build | House |
| 16:29 | Build | House |
| 16:38 | Build | Farm |
| 16:38 | Build | Farm |
| 16:38 | Build | Farm |
| 16:38 | Build | Farm |
| 16:38 | Build | Farm |
| 16:39 | Build | Farm |
| 16:42 | Build | Farm |
| 16:42 | Build | Farm |
| 16:42 | Build | Farm |
| 16:44 | Build | Farm |
| 16:45 | Build | Farm |
| 16:45 | Build | Farm |
| 16:45 | Build | Farm |
| 16:45 | Build | Farm |
| 16:46 | Build | Farm |
| 16:46 | Build | Farm |
| 16:46 | Build | Farm |
| 16:46 | Build | Farm |
| 16:46 | Build | Farm |
| 16:47 | Build | Farm |
| 16:47 | Build | Farm |
| 16:47 | Build | Farm |
| 16:48 | Build | Farm |
| 16:48 | Build | Farm |
| 16:48 | Build | Farm |
| 16:49 | Build | Farm |
| 16:49 | Build | Farm |
| 16:49 | Build | Farm |
| 16:49 | Build | Farm |
| 16:51 | Create | Villager (Male) |
| 16:58 | Build | Farm |
| 16:58 | Build | Farm |
| 16:59 | Build | Farm |
| 16:59 | Build | Farm |
| 16:59 | Build | Farm |
| 16:59 | Build | Farm |
| 17:00 | Build | Farm |
| 17:00 | Build | Farm |
| 17:00 | Build | Farm |
| 17:00 | Build | Farm |
| 17:03 | Create | Villager (Male) |
| 17:43 | Build | Farm |
| 17:43 | Build | Farm |
| 17:44 | Build | Farm |
| 17:44 | Build | Farm |
| 17:44 | Build | Farm |
| 17:44 | Build | Farm |
| 17:44 | Build | Farm |
| 17:45 | Build | Farm |
| 17:45 | Build | Farm |
| 17:45 | Build | Farm |
| 17:45 | Build | Farm |
| 17:46 | Build | Farm |
| 17:46 | Build | Farm |
| 17:46 | Build | Farm |
| 17:46 | Build | Farm |
| 17:46 | Build | Farm |
| 17:47 | Build | Farm |
| 17:47 | Build | Farm |
| 17:47 | Build | Farm |
| 17:47 | Build | Farm |
| 17:48 | Build | Farm |
| 17:48 | Build | Farm |
Build order — gdanelutti87
First 150 of 714 actions detected
| 1:20 | Build | Dock |
| 2:03 | Build | Town Center |
| 3:13 | Build | House |
| 3:32 | Create | Villager (Male) |
| 3:32 | Create | Villager (Male) |
| 3:33 | Create | Villager (Male) |
| 3:33 | Create | Villager (Male) |
| 3:33 | Create | Villager (Male) |
| 3:33 | Create | Villager (Male) |
| 3:37 | Build | House |
| 4:39 | Create | Fishing Ship |
| 5:09 | Create | Villager (Male) |
| 5:20 | Build | House |
| 5:27 | Research | Loom |
| 5:28 | Create | Villager (Male) |
| 5:28 | Create | Villager (Male) |
| 5:52 | Create | Villager (Male) |
| 5:54 | Build | House |
| 5:57 | Create | Fishing Ship |
| 6:09 | Create | Villager (Male) |
| 6:32 | Create | Villager (Male) |
| 7:00 | Create | Villager (Male) |
| 7:11 | Create | Villager (Male) |
| 7:14 | Create | Fishing Ship |
| 7:16 | Create | Fishing Ship |
| 7:38 | Create | Villager (Male) |
| 7:57 | Create | Villager (Male) |
| 8:16 | Create | Villager (Male) |
| 8:31 | Build | House |
| 9:12 | Build | Lumber Camp |
| 9:14 | Create | Villager (Male) |
| 9:15 | Create | Villager (Male) |
| 9:24 | Build | Mill |
| 9:51 | Create | Fishing Ship |
| 9:51 | Create | Fishing Ship |
| 9:59 | Research | Feudal Age |
| 10:13 | Build | Mining Camp |
| 11:20 | Create | Villager (Male) |
| 11:22 | Create | Villager (Male) |
| 11:37 | Build | Barracks |
| 11:50 | Create | Fishing Ship |
| 11:51 | Create | Fishing Ship |
| 12:14 | Age | Feudal Age |
| 12:29 | Build | House |
| 12:31 | Build | House |
| 12:37 | Build | Palisade Wall |
| 12:45 | Create | Villager (Male) |
| 12:52 | Research | Wheelbarrow |
| 12:53 | Create | Villager (Male) |
| 12:53 | Create | Villager (Male) |
| 12:56 | Research | Double-Bit Axe |
| 13:21 | Build | Farm |
| 13:22 | Build | Farm |
| 13:33 | Create | Villager (Male) |
| 13:34 | Create | Villager (Male) |
| 14:05 | Create | Villager (Male) |
| 14:22 | Build | Farm |
| 14:23 | Build | Farm |
| 15:00 | Create | Transport Ship |
| 15:04 | Create | Villager (Male) |
| 15:19 | Build | Market |
| 15:24 | Create | Villager (Male) |
| 15:31 | Build | Blacksmith |
| 15:46 | Build | House |
| 15:47 | Build | House |
| 15:52 | Build | House |
| 15:55 | Create | Villager (Male) |
| 16:43 | Research | Castle Age |
| 17:08 | Create | Villager (Male) |
| 17:10 | Create | Villager (Male) |
| 17:39 | Create | Spearman |
| 17:39 | Create | Spearman |
| 17:40 | Create | Spearman |
| 17:52 | Build | Barracks |
| 18:20 | Build | Palisade Wall |
| 18:28 | Create | Spearman |
| 18:53 | Create | Spearman |
| 18:54 | Create | Spearman |
| 18:57 | Create | Spearman |
| 19:06 | Build | Palisade Wall |
| 19:13 | Create | Spearman |
| 19:16 | Create | Spearman |
| 19:23 | Age | Castle Age |
| 19:40 | Build | Castle |
| 19:48 | Create | Villager (Male) |
| 19:48 | Create | Villager (Male) |
| 19:54 | Research | Squires |
| 20:00 | Create | Villager (Male) |
| 20:14 | Build | Town Center |
| 20:39 | Create | Spearman |
| 20:41 | Create | Spearman |
| 20:42 | Create | Spearman |
| 21:15 | Build | Lumber Camp |
| 21:22 | Build | Fish Trap |
| 21:25 | Build | Fish Trap |
| 21:28 | Build | Fish Trap |
| 21:51 | Create | Shotel Warrior |
| 21:52 | Create | Shotel Warrior |
| 21:52 | Create | Shotel Warrior |
| 21:52 | Create | Shotel Warrior |
| 22:11 | Build | Mining Camp |
| 22:24 | Create | Villager (Male) |
| 22:47 | Create | Shotel Warrior |
| 23:03 | Build | Farm |
| 23:35 | Build | Fish Trap |
| 23:36 | Build | Fish Trap |
| 23:37 | Build | Fish Trap |
| 23:40 | Create | Shotel Warrior |
| 23:41 | Create | Shotel Warrior |
| 23:59 | Create | Spearman |
| 23:59 | Create | Spearman |
| 24:05 | Create | Villager (Male) |
| 24:05 | Create | Villager (Male) |
| 24:13 | Create | Villager (Male) |
| 24:59 | Create | Villager (Male) |
| 25:00 | Create | Villager (Male) |
| 25:01 | Create | Villager (Male) |
| 25:06 | Build | Fish Trap |
| 25:08 | Build | Fish Trap |
| 25:11 | Build | Fish Trap |
| 25:15 | Create | Shotel Warrior |
| 25:16 | Create | Shotel Warrior |
| 25:37 | Create | Villager (Male) |
| 25:40 | Create | Villager (Male) |
| 25:45 | Build | Farm |
| 25:51 | Build | Farm |
| 25:52 | Create | Villager (Male) |
| 26:11 | Research | Forging |
| 26:11 | Research | Scale Mail Armor |
| 27:07 | Create | Villager (Male) |
| 27:07 | Create | Villager (Male) |
| 27:16 | Create | Shotel Warrior |
| 27:16 | Create | Shotel Warrior |
| 27:16 | Create | Shotel Warrior |
| 27:17 | Create | Shotel Warrior |
| 27:17 | Create | Shotel Warrior |
| 27:38 | Create | Shotel Warrior |
| 27:39 | Create | Shotel Warrior |
| 27:39 | Create | Shotel Warrior |
| 28:23 | Create | Villager (Male) |
| 28:24 | Create | Villager (Male) |
| 28:27 | Create | Villager (Male) |
| 28:31 | Build | Farm |
| 28:32 | Build | Farm |
| 28:33 | Build | Farm |
| 28:38 | Create | Demolition Raft |
| 28:39 | Create | Demolition Raft |
| 28:44 | Research | Tech 906 |
| 28:45 | Create | Fishing Ship |
| 28:45 | Create | Fishing Ship |
Match timeline
| 1:20 | gdanelutti87 · first_building Dock |
| 4:12 | Nerdyx · first_building Dock |
| 5:13 | b7ackwar · first_building Dock |
| 8:13 | Nerdyx · wall_segment Palisade Wall x1 |
| 8:13 | Nerdyx · wall_segment Palisade Wall x1 |
| 8:14 | Nerdyx · wall_segment Palisade Wall x1 |
| 8:40 | Nerdyx · wall_segment Palisade Wall x1 |
| 8:42 | Nerdyx · wall_segment Palisade Wall x1 |
| 8:43 | Nerdyx · wall_segment Palisade Wall x1 |
| 8:57 | Nerdyx · first_building Barracks |
| 9:55 | b7ackwar · first_building Barracks |
| 10:27 | b7ackwar · age_up feudal |
| 10:44 | kraldakyanous · first_building Barracks |
| 11:37 | gdanelutti87 · first_building Barracks |
| 11:59 | Nerdyx · wall_segment Palisade Wall x1 |
| 12:05 | Nerdyx · wall_segment Palisade Wall x1 |
| 12:14 | gdanelutti87 · age_up feudal |
| 12:22 | Nerdyx · age_up feudal |
| 12:32 | Nerdyx · first_building Stable |
| 12:37 | gdanelutti87 · wall_segment Palisade Wall x2 |
| 12:42 | kraldakyanous · first_building Stable |
| 13:37 | Nerdyx · first_building Archery Range |
| 14:56 | b7ackwar · first_market_sell 100 stone |
| 17:44 | b7ackwar · first_market_buy 100 food |
| 18:20 | gdanelutti87 · wall_segment Palisade Wall x8 |
| 19:06 | gdanelutti87 · wall_segment Palisade Wall x5 |
| 19:23 | gdanelutti87 · age_up castle |
| 19:40 | gdanelutti87 · first_building Castle |
| 20:14 | Nerdyx · first_market_sell 100 wood |
| 22:27 | b7ackwar · first_building Stable |
| 22:40 | b7ackwar · age_up castle |
| 22:44 | Nerdyx · wall_segment Stone Wall x1 |
| 22:44 | b7ackwar · first_building Castle |
| 22:50 | kraldakyanous · first_building Castle |
| 22:57 | Nerdyx · age_up castle |
| 23:15 | Nerdyx · wall_segment Stone Wall x1 |
| 24:22 | kraldakyanous · first_building Siege Workshop |
| 26:03 | b7ackwar · first_building Krepost |
| 26:09 | gdanelutti87 · first_market_buy 100 food |
| 27:44 | Nerdyx · first_building Castle |
| 28:38 | Nerdyx · wall_segment Stone Wall x12 |
| 29:04 | Nerdyx · wall_segment Stone Wall x5 |
| 29:51 | gdanelutti87 · first_building Siege Workshop |
| 29:52 | Nerdyx · first_building Siege Workshop |
| 30:04 | Nerdyx · wall_segment Stone Wall x1 |
| 30:25 | kraldakyanous · wall_segment Stone Wall x16 |
| 32:04 | kraldakyanous · first_market_sell 100 wood |
| 32:06 | kraldakyanous · first_market_buy 100 food |
| 32:13 | Nerdyx · first_building Monastery |
| 33:19 | Nerdyx · wall_segment Stone Wall x1 |
| 33:20 | Nerdyx · wall_segment Stone Wall x1 |
| 35:27 | kraldakyanous · resign |
| 36:08 | Nerdyx · wall_segment Stone Wall x1 |
| 36:18 | gdanelutti87 · first_market_sell 100 wood |
| 36:45 | Nerdyx · wall_segment Stone Wall x1 |
| 36:51 | Nerdyx · wall_segment Stone Wall x1 |
| 37:16 | Nerdyx · first_market_buy 100 stone |
| 39:43 | gdanelutti87 · age_up imperial |
| 39:54 | Nerdyx · wall_segment Stone Wall x2 |
| 39:57 | Nerdyx · wall_segment Stone Wall x6 |
| 40:25 | Nerdyx · wall_segment Stone Wall x13 |
| 40:53 | Nerdyx · wall_segment Stone Wall x1 |
| 40:54 | Nerdyx · wall_segment Stone Wall x1 |
| 40:55 | Nerdyx · wall_segment Stone Wall x1 |
| 41:14 | Nerdyx · wall_segment Stone Wall x1 |
| 41:16 | Nerdyx · wall_segment Stone Wall x1 |
| 41:20 | Nerdyx · wall_segment Stone Wall x1 |
| 41:28 | Nerdyx · wall_segment Stone Wall x1 |
| 41:32 | Nerdyx · wall_segment Stone Wall x1 |
| 43:28 | b7ackwar · age_up imperial |
| 45:55 | Nerdyx · wall_segment Stone Wall x4 |
| 48:41 | b7ackwar · first_building Monastery |
| 51:21 | Nerdyx · age_up imperial |
| 56:34 | Nerdyx · wall_segment Stone Wall x7 |
| 56:36 | Nerdyx · wall_segment Stone Wall x8 |
| 58:15 | Nerdyx · wall_segment Stone Wall x1 |
| 58:15 | Nerdyx · wall_segment Stone Wall x1 |
| 58:16 | Nerdyx · wall_segment Stone Wall x1 |
| 58:17 | Nerdyx · wall_segment Stone Wall x1 |
| 58:17 | Nerdyx · wall_segment Stone Wall x1 |
| 58:18 | Nerdyx · wall_segment Stone Wall x1 |
| 59:01 | Nerdyx · wall_segment Stone Wall x1 |
| 59:02 | Nerdyx · wall_segment Stone Wall x1 |
| 59:03 | Nerdyx · wall_segment Stone Wall x1 |
| 59:04 | Nerdyx · wall_segment Stone Wall x1 |
| 59:43 | Nerdyx · wall_segment Stone Wall x1 |
| 59:44 | Nerdyx · wall_segment Stone Wall x1 |
| 59:44 | Nerdyx · wall_segment Stone Wall x1 |
| 61:02 | b7ackwar · wall_segment Stone Wall x5 |
| 62:19 | Nerdyx · wall_segment Stone Wall x1 |
| 62:20 | Nerdyx · wall_segment Stone Wall x1 |
| 62:20 | Nerdyx · wall_segment Stone Wall x1 |
| 64:12 | gdanelutti87 · first_building Monastery |
| 69:34 | Nerdyx · wall_segment Stone Wall x1 |
| 69:35 | Nerdyx · wall_segment Stone Wall x1 |
| 69:52 | Nerdyx · wall_segment Stone Wall x5 |
| 70:00 | b7ackwar · first_building Siege Workshop |
| 71:23 | Nerdyx · wall_segment Stone Wall x10 |
| 72:44 | Nerdyx · wall_segment Stone Wall x1 |
| 72:46 | Nerdyx · wall_segment Stone Wall x9 |
| 73:49 | Nerdyx · wall_segment Stone Wall x12 |
| 74:47 | Nerdyx · wall_segment Stone Wall x1 |
| 74:51 | Nerdyx · wall_segment Stone Wall x1 |
[ AI ANALYSIS · 1 CREDIT ]
What really happened in this match?
Wolo.gg analyzes every decision: build order, eco, micro, common mistakes by bracket. Personalized analysis on WhatsApp or Discord in 30 seconds.
Civ guide
Hindustanis
Map guide
MegaRandom
Perfil
Jugador #5968340